 Dungeon Crawl Stone Soup version 0.24.1-8-ga250c9d538 (webtiles) character file.

Game seed: 9705801555516026151, levelgen mode: deterministic

196504 CrazyMind the Imperceptible (level 17, -1/84 HPs)
             Began as a Spriggan Enchanter on Apr 20, 2020.
             Was the Champion of Dithmenos.
             Slain by a shambling mangrove (18 damage)
             ... on level 1 of the Swamp on May 1, 2020.
             The game lasted 06:26:25 (48982 turns).

CrazyMind the Imperceptible (Spriggan Enchanter)   Turns: 48982, Time: 06:26:25

Health: -1/84      AC:  5    Str:  5    XL:     17   Next: 74%
Magic:  28/37      EV: 29    Int: 20    God:    Dithmenos [******]
Gold:   1825       SH: 17    Dex: 19    Spells: 16/46 levels left

rFire    + + .     SeeInvis +   a - +4 dagger (venom)
rCold    + . .     Gourm    .   e - +3 warlock's mirror {reflect}
rNeg     + . .     Faith    .   R - +0 robe of Igyr {rF++}
rPois    +         Spirit   .   I - +2 hat of Qugeyb {rElec rPois}
rElec    +         Reflect  +   D - +0 cloak
rCorr    .         Harm     .   (gloves unavailable)
MR       ++...                  (boots unavailable)
Stlth    ++++++++..             L - +5 amulet of reflection
HPRegen  0.24/turn              c - ring of positive energy
MPRegen  0.25/turn              n - ring of protection from cold

@: confusing touch, grasped by roots, wreathed by umbra, constricted, slow
A: very small, unfitting armour, see invisible, herbivore, speed 3, slow
metabolism 2
}: 1/15 runes: serpentine
a: Shadow Step, Shadow Form, Renounce Religion


You were on level 1 of the Swamp.
You worshipped Dithmenos.
Dithmenos was exalted by your worship.
You were not hungry.

You visited 5 branches of the dungeon, and saw 28 of its levels.
You also visited: Sewer and Ice Cave.

You collected 1825 gold pieces.

Inventory:

Hand Weapons
 a - a +4 dagger of venom (weapon)
 b - a +0 hunting sling of freezing
 F - a +1 dagger of holy wrath
Missiles
 f - 2 throwing nets
 g - 833 stones
 l - 6 curare-tipped darts
 v - 6 datura-tipped darts
 y - 165 sling bullets
 K - 62 poisoned darts (quivered)
 Q - 7 boomerangs
 S - 3 boomerangs of dispersal
 T - 4 silver boomerangs
Armour
 e - the +3 warlock's mirror (worn) {reflect}
   (You acquired it on level 2 of the Lair of Beasts)
 D - a +0 cloak (worn)
 I - the +2 hat of Qugeyb (worn) {rElec rPois}
   (You acquired it on level 1 of the Swamp)

   It insulates you from electricity.
   It protects you from poison.
 R - the +0 robe of Igyr (worn) {rF++}
   (You found it on level 4 of the Lair of Beasts)

   It greatly protects you from fire.
Jewellery
 c - a ring of positive energy (left hand)
 n - a ring of protection from cold (right hand)
 q - an uncursed ring of ice
 A - an uncursed ring of positive energy
 L - a +5 amulet of reflection (around neck)
 N - an uncursed ring of flight
 W - an uncursed ring of fire
Wands
 k - a wand of disintegration (11)
 z - a wand of flame (52)
 B - a wand of paralysis (19)
 C - a wand of polymorph (20)
 G - a wand of iceblast (28)
 M - a wand of acid (10)
 O - a wand of enslavement (10)
 Y - a wand of digging (5)
Scrolls
 h - 3 scrolls of identify
 i - 7 scrolls of fog
 o - 14 scrolls of teleportation
 p - a scroll of holy word
 t - 5 scrolls of blinking
 u - 6 scrolls of fear
 w - 12 scrolls of remove curse
 P - a scroll of magic mapping
Potions
 j - 7 potions of curing
 m - 9 potions of haste
 r - a potion of resistance
 s - a potion of heal wounds
 x - 6 potions of agility
 E - 2 potions of might
 J - 3 potions of mutation
 U - 6 potions of flight
 X - 2 potions of cancellation
 Z - a potion of invisibility
Comestibles
 d - 35 rations


   Skills:
 * Level 7.3 Fighting
 + Level 10.5 Short Blades
 * Level 10.3 Slings
 + Level 0.6(5.4) Throwing
 * Level 14.6 Dodging
 + Level 21.1 Stealth
 + Level 7.9 Shields
 + Level 15.3 Spellcasting
 - Level 0.1 Conjurations
 + Level 14.6 Hexes
 - Level 1.5 Charms
 + Level 5.6 Translocations
 - Level 6.5 Ice Magic
 + Level 6.1 Invocations
 - Level 0.8 Evocations


You had 16 spell levels left.
You knew the following spells:

 Your Spells              Type           Power        Failure   Level  Hunger
a - Corona                Hex            ######.      0%          1    None
b - Ensorcelled Hibernat  Hex/Ice        ######       1%          2    None
c - Confuse               Hex            ######..     1%          3    None
d - Tukima's Dance        Hex            ######..     1%          3    None
e - Dazzling Spray        Conj/Hex       #####.       1%          3    None
f - Spectral Weapon       Hex/Chrm       #####...     1%          3    None
g - Confusing Touch       Hex            ######       0%          1    None
h - Cause Fear            Hex            ######....   1%          4    None
i - Portal Projectile     Hex/Tloc       ######       1%          3    None
j - Apportation           Tloc           #####.       1%          1    None
k - Blink                 Tloc           N/A          1%          2    None
l - Passage of Golubria   Tloc           N/A          4%          4    None

Your spell library contained the following spells:

 Spells                   Type           Power        Failure   Level  Hunger
 Slow                     Hex            ######..     0%          2    None
 Shroud of Golubria       Chrm/Tloc      ####..       1%          2    None
 Gell's Gravitas          Tloc           #####.....   1%          3    None
 Inner Flame              Hex/Fire       #####...     1%          3    None
 Lesser Beckoning         Tloc           #####.....   1%          3    None
 Summon Guardian Golem    Hex/Summ       #####...     1%          3    None
 Teleport Other           Tloc           #####...     1%          3    None
 Leda's Liquefaction      Hex/Erth       #####.....   1%          4    None
 Metabolic Englaciation   Hex/Ice        ######....   1%          5    ###....
 Infusion                 Chrm           ###.         2%          1    None
 Magic Dart               Conj           ###.         3%          1    None
 Song of Slaying          Chrm           ###.....     3%          2    None
 Animate Skeleton         Necr           N/A          4%          1    None
 Sting                    Conj/Pois      ###.         4%          1    None
 Summon Small Mammal      Summ           ###.         4%          1    None
 Yara's Violent Unravell  Hex/Tmut       #####.....   5%          5    ###....
 Call Imp                 Summ           ###.....     6%          2    None
 Poisonous Vapours        Pois/Air       ###...       6%          2    None
 Regeneration             Chrm/Necr      ###.......   9%          3    None
 Summon Ice Beast         Ice/Summ       ####....     11%         4    None
 Call Canine Familiar     Summ           ###.....     12%         3    None
 Conjure Flame            Conj/Fire      ###.....     12%         3    None
 Mephitic Cloud           Conj/Pois/Air  ###.....     12%         3    None
 Olgreb's Toxic Radiance  Pois           ###.....     36%         4    None
 Petrify                  Tmut/Erth      ###.....     36%         4    None
 Summon Lightning Spire   Summ/Air       ###.....     36%         4    None
 Venom Bolt               Conj/Pois      ###.......   73%         5    ###....
 Freezing Cloud           Conj/Ice/Air   ###.......   94%         6    #####..
 Poison Arrow             Conj/Pois      ###.......   99%         6    #####..
 Ring of Flames           Chrm/Fire      ###.......   100%        7    ######.
 Chain Lightning          Conj/Air       ###.......   100%        8    #######
 Lehudib's Crystal Spear  Conj/Erth      ###.......   100%        8    #######
 Fire Storm               Conj/Fire      ###.......   100%        9    #######
 Glaciate                 Conj/Ice       ####......   100%        9    #######


Dungeon Overview and Level Annotations

Branches:
Dungeon (15/15)            Temple (1/1) D:4            Lair (6/6) D:10
  Swamp (2/4) Lair:3        Snake (4/4) Lair:4        Slime (0/5) Lair:5
    Orc (0/2) D:10         Vaults (0/5) D:13         Depths (0/5) D:15
  Sewer (visited)           IceCv (visited)

Altars:
Ashenzari
Cheibriados
Dithmenos
Elyvilon
Fedhas
Gozag
Hepliaklqana
Kikubaaqudgha
Makhleb
Nemelex Xobeh
Okawaru
Qazlal
Ru
Sif Muna
Trog
Uskayaw
Vehumet
Wu Jian
Xom
Yredelemnul
Zin
The Shining One
Jiyva

Shops:
D:13 *   Snake:1 *   Snake:4 }=}

Annotations:
D:15 3 runed translucent doors, exclusion: orange crystal statue, Karec's ghost, journeyman DgEE


Innate Abilities, Weirdness & Mutations

You are very small and have problems with some larger weapons.
You are too small for most types of armour.
You have supernaturally acute eyesight. (SInv)
You are a herbivore.
You cover ground extremely quickly.
You need to consume almost no food.


Message History

Roots burst forth from the earth!
The grasping roots grab you! The grasping roots constrict you.
You escape the roots' grasp.
Roots burst forth from the earth!
The grasping roots grab you!
* * * LOW HITPOINT WARNING * * *
You emit a cloud of dark smoke.
The grasping roots constrict you!!
Casting: Dazzling Spray (safe; 1% risk of failure)
Confirm with . or Enter, or press ? or * to list all spells.
You escape the roots' grasp.
You blink.
Splash!
You fall into the shallow water.
Moving in this stuff is going to be slow.
You feel much better.
Roots burst forth from the earth!
The grasping roots grab you!
* * * LOW HITPOINT WARNING * * *
The grasping roots constrict you!!
As you read the scroll of fear, it crumbles to dust.
You assume a fearsome visage.
The shambling mangrove is unaffected.
You die...

♣♣♣♣♣♣♣ ♣♣@§§..♣♣♣♣♣
♣♣§f§§§≈....♣♣ ♣♣♣♣♣
♣§.§§§§§....≈♣♣♣≈≈.≈
♣♣♣♣§§§..♣...♣♣≈...≈
♣♣♣♣♣≈.....)≈≈≈≈.
♣♣♣♣♣♣.≈≈≈≈≈≈≈≈≈
♣♣≈♣♣♣♣.≈≈≈≈≈≈≈≈≈
♣≈...≈≈≈≈≈≈≈..≈≈≈
♣♣..≈≈....≈≈..≈≈≈


You could see a shambling mangrove.

Vanquished Creatures
  Kirke (D:13)
  6 nagarajas
  Nessos (D:12)
  3 dire elephants (Lair:6)
  An ettin (D:15)
  Snorg (Lair:5)
  A great orb of eyes (D:15)
  A fire dragon (D:15)
  Harold (D:8)
  An ogre mage (D:15)
  9 hydras
  14 naga warriors
  A vault guard (D:13)
  A catoblepas (Lair:5)
  3 centaur warriors
  Erica (D:9)
  A death knight (D:13)
  21 anacondas
  6 two-headed ogres
  4 alligators
  10 naga sharpshooters
  6 death yaks
  Urug (Lair:5)
  10 shock serpents
  A skeletal warrior (D:13)
  2 salamander mystics
  2 wizards (D:15)
  A deep troll (D:15)
  4 lindwurms (Lair:4)
  2 swamp dragons (Swamp:1)
  11 naga ritualists
  A deep elf archer (D:15)
  A phantasmal warrior (D:13)
  Pikel (D:8)
  A wolf spider zombie (D:14)
  9 mana vipers
  10 ugly things
  5 salamanders
  6 deep elf magi
  3 manticores
  17 elephants
  37 black mambas
  25 naga magi
  A guardian serpent (shapeshifter) (D:15)
  3 gargoyles
  18 guardian serpents
  21 spiny frogs
  A centaur zombie (D:13)
  A torpor snail (Lair:6)
  3 demonic crawlers
  A kobold demonologist (D:15)
  4 rime drakes
  A yaktaur (D:15)
  5 komodo dragons
  A tengu conjurer (D:13)
  2 trolls
  4 tyrant leeches (Swamp:1)
  13 slime creatures
  10 polar bears
  14 dream sheep
  7 blink frogs
  4 bog bodies (Swamp:1)
  8 hippogriffs
  A spriggan (D:11)
  A shadow (D:13)
  44 yaks
  A vampire (D:11)
  2 wraiths
  Eustachio (D:5)
  4 wyverns
  3 hogs
  4 humans (D:14)
  A basilisk (Lair:4)
  22 vampire mosquitoes
  A soldier ant (D:10)
  A warg (D:10)
  63 nagas
  An acid dragon (D:13)
  3 swamp worms (Swamp:1)
  9 water moccasins
  4 swamp drakes
  4 porcupines
  11 orc warriors
  4 slaves (D:8)
  9 sky beasts
  An eye of draining (shapeshifter) (D:15)
  4 phantoms
  5 black bears
  A necrophage (D:11)
  4 boggarts (Lair:5)
  13 ice beasts
  19 wolves
  10 ogres
  19 centaurs
  14 crocodiles
  2 big kobolds (D:9)
  18 bullfrogs
  A wyvern zombie (D:10)
  4 scorpions
  4 killer bees (D:8)
  28 wights
  3 howler monkeys
  2 electric eels (Lair:2)
  3 bullfrog zombies
  6 crimson imps
  5 hounds
  6 jellies
  4 centaur skeletons
  10 orc priests
  15 orc wizards
  2 iguanas
  Natasha (thrice) (D:3)
  17 worker ants
  A killer bee zombie (D:6)
  3 hound zombies
  A hound skeleton (D:9)
  6 gnolls
  14 adders
  8 river rats
  6 shadow imps
  2 oozes
  An adder zombie (D:8)
  8 worms
  A dart slug (D:2)
  2 leopard geckos
  60 orcs
  6 bats
  7 giant cockroaches
  7 goblins
  6 hobgoblins
  13 jackals
  5 quokkas
  A ball python (D:3)
  11 frilled lizards
  A jackal zombie (D:5)
  18 kobolds
  A quokka skeleton (D:6)
  26 rats
  6 plants (Lair:6)
1004 creatures vanquished.

Vanquished Creatures (collateral kills)
  Joseph (D:7)
1 creature vanquished.

Vanquished Creatures (others)
  Sonja (Lair:5)
  A naga mage (Snake:4)
  A centaur (D:11)
  6 fungi
  10 plants
  3 spectral weapons
22 creatures vanquished.

Grand Total: 1027 creatures vanquished

Notes
Turn   | Place    | Note
-------+----------+-------------------------------------------
     0 | D:1      | CrazyMind the Spriggan Enchanter began the quest for the
                  | Orb.
     0 | D:1      | Reached XP level 1. HP: 9/9 MP: 5/5
   668 | D:1      | Reached skill level 5 in Stealth
   815 | D:1      | Reached XP level 2. HP: 10/13 MP: 4/6
   819 | D:1      | Learned a level 2 spell: Ensorcelled Hibernation
  1572 | D:1      | Reached XP level 3. HP: 10/16 MP: 0/8
  2190 | D:2      | Reached skill level 6 in Stealth
  2295 | D:2      | Reached XP level 4. HP: 18/21 MP: 9/9
  2300 | D:2      | Learned a level 3 spell: Confuse
  2376 | D:2      | Found a radiant altar of Vehumet.
  2475 | D:2      | Reached skill level 1 in Ice Magic
  3038 | D:2      | Found a snail-covered altar of Cheibriados.
  3193 | D:3      | Found an iron altar of Okawaru.
  3412 | D:3      | Reached XP level 5. HP: 21/24 MP: 8/11
  3485 | D:3      | Noticed Natasha
  3647 | D:3      | Killed Natasha
  3647 | D:3      | Reached skill level 7 in Stealth
  3649 | D:3      | Noticed Natasha
  4109 | D:3      | Killed Natasha
  4119 | D:3      | Reached XP level 6. HP: 28/28 MP: 8/12
  4185 | D:3      | Noticed Natasha
  4194 | D:3      | Killed Natasha
  4638 | D:4      | Found a staircase to the Ecumenical Temple.
  4804 | Temple   | Entered the Ecumenical Temple
  5024 | Temple   | Became a worshipper of Dithmenos the Shadowed
  5281 | D:4      | Reached skill level 8 in Stealth
  5494 | D:4      | Found a glowing drain.
  5501 | Sewer    | Entered a sewer
  5587 | Sewer    | Reached XP level 7. HP: 11/32 MP: 5/14
  5846 | Sewer    | Reached * piety under Dithmenos
  6715 | D:4      | Reached skill level 5 in Hexes
  6991 | D:4      | Found a shimmering blue altar of Sif Muna.
  7481 | D:4      | Found a blossoming altar of Fedhas.
  7712 | D:5      | Entered Level 5 of the Dungeon
  7712 | D:5      | Found a hide-covered altar of Uskayaw.
  7712 | D:5      | Noticed a +0 dagger
  7712 | D:5      | Noticed a +0 dagger
  7754 | D:5      | Found a sparkling altar of Nemelex Xobeh.
  7801 | D:5      | Reached ** piety under Dithmenos
  8190 | D:5      | Found a glowing silver altar of Zin.
  8195 | D:5      | Reached skill level 5 in Short Blades
  8203 | D:5      | Reached skill level 1 in Fighting
  8203 | D:5      | Reached skill level 5 in Spellcasting
  8203 | D:5      | Reached XP level 8. HP: 37/37 MP: 16/16
  8317 | D:5      | Noticed Eustachio
  8377 | D:5      | Killed Eustachio
  8790 | D:6      | Reached skill level 5 in Dodging
  8790 | D:6      | Reached skill level 1 in Shields
  8797 | D:6      | Reached skill level 9 in Stealth
  9187 | D:6      | Found a shattered altar of Ashenzari.
  9342 | D:6      | Learned a level 3 spell: Tukima's Dance
  9346 | D:6      | Learned a level 3 spell: Dazzling Spray
  9492 | D:7      | Reached XP level 9. HP: 42/42 MP: 19/19
  9528 | D:7      | Noticed Joseph
  9540 | D:7      | Killed Joseph
  9802 | D:7      | Reached skill level 10 in Stealth
 10509 | D:7      | Reached *** piety under Dithmenos
 10800 | D:7      | Upgraded the game from 0.24.1-4-ge52af88ad5 to
                  | 0.24.1-5-g77f818bfca
 11266 | D:8      | Noticed a two-headed ogre
 11273 | D:8      | Killed a two-headed ogre
 11273 | D:8      | Reached skill level 11 in Stealth
 11273 | D:8      | Reached XP level 10. HP: 49/49 MP: 16/22
 11382 | D:8      | Noticed Harold
 11660 | D:9      | Noticed Erica
 11662 | D:9      | Killed Erica
 11690 | D:9      | Learned a level 3 spell: Spectral Weapon
 11771 | D:9      | Reached skill level 12 in Stealth
 11908 | D:8      | Noticed Pikel
 12292 | D:8      | Killed Pikel
 12404 | D:8      | Killed Harold
 13037 | D:9      | Reached **** piety under Dithmenos
 13378 | D:9      | Reached XP level 11. HP: 52/52 MP: 24/24
 13509 | D:10     | Entered Level 10 of the Dungeon
 13615 | D:10     | Reached skill level 13 in Stealth
 13751 | D:10     | Found a staircase to the Orcish Mines.
 14100 | D:10     | Found a staircase to the Lair.
 15018 | Lair:1   | Entered Level 1 of the Lair of Beasts
 15512 | Lair:1   | Reached skill level 14 in Stealth
 15844 | Lair:2   | Found a frozen archway.
 15897 | IceCv    | Entered an ice cave
 16158 | IceCv    | Reached XP level 12. HP: 58/58 MP: 21/26
 16424 | IceCv    | Reached skill level 15 in Stealth
 16430 | IceCv    | Reached skill level 5 in Shields
 16614 | IceCv    | Reached skill level 5 in Fighting
 16744 | IceCv    | Reached skill level 10 in Spellcasting
 17220 | Lair:2   | Reached ***** piety under Dithmenos
 18239 | Lair:3   | Reached skill level 5 in Ice Magic
 18462 | Lair:3   | Found a staircase to the Swamp.
 18630 | Lair:3   | Reached skill level 10 in Hexes
 19056 | Lair:4   | Noticed a five-headed hydra
 19287 | Lair:4   | Found a staircase to the Snake Pit.
 19413 | Lair:4   | Noticed a five-headed hydra
 19545 | Lair:4   | Killed a five-headed hydra
 19545 | Lair:4   | Reached XP level 13. HP: 65/65 MP: 24/29
 19904 | Lair:4   | Got a brightly glowing robe
 19922 | Lair:4   | Identified the +0 robe of Igyr {rF++} (You found it on
                  | level 4 of the Lair of Beasts)
 21141 | Lair:5   | Learned a level 1 spell: Confusing Touch
 21146 | Lair:5   | Learned a level 4 spell: Cause Fear
 21585 | Lair:5   | Noticed Snorg
 21588 | Lair:5   | Noticed Sonja
 21648 | Lair:5   | Killed Snorg
 21761 | Lair:5   | Noticed Urug
 21765 | Lair:5   | Killed Urug
 21765 | Lair:5   | Reached skill level 1 in Invocations
 22022 | Lair:5   | Killed Sonja
 22077 | Lair:5   | Found a viscous altar of Jiyva.
 22077 | Lair:5   | Found a staircase to the Slime Pits.
 22287 | Lair:6   | Entered Level 6 of the Lair of Beasts
 22364 | Lair:6   | Reached skill level 1 in Charms
 22375 | Lair:6   | Found the +3 robe of Folly {Archmagi, MR-- Int+5}
 23263 | Lair:6   | HP: 3/65 [elephant (17)]
 23775 | Lair:6   | Reached XP level 14. HP: 58/70 MP: 24/31
 26536 | Lair:6   | Reached skill level 10 in Short Blades
 27858 | Lair:2   | Upgraded the game from 0.24.1-5-g77f818bfca to
                  | 0.24.1-8-ga250c9d538
 28703 | D:11     | Reached skill level 1 in Slings
 29496 | D:12     | Learned a level 3 spell: Portal Projectile
 29498 | D:12     | Learned a level 1 spell: Apportation
 29733 | D:12     | Reached skill level 16 in Stealth
 29874 | D:12     | Reached skill level 1 in Translocations
 29974 | D:12     | Noticed Nessos
 29987 | D:12     | Killed Nessos
 30127 | D:13     | Found Nuenalah's General Store.
 30262 | D:13     | Reached skill level 10 in Dodging
 30309 | D:13     | Reached skill level 5 in Invocations
 31489 | D:12     | Reached ****** piety under Dithmenos
 31701 | D:13     | Reached XP level 15. HP: 74/74 MP: 25/33
 31768 | D:13     | Found a gate to the Vaults.
 32515 | D:14     | Noticed Kirke
 32962 | D:13     | Killed Kirke
 33457 | D:15     | Entered Level 15 of the Dungeon
 33700 | D:15     | Noticed Karec's ghost (journeyman DgEE)
 34055 | D:15     | Reached skill level 17 in Stealth
 34167 | D:15     | Found a runed translucent gate.
 34167 | D:15     | Found a runed translucent gate.
 34167 | D:15     | Found a runed translucent gate.
 34216 | D:15     | Reached skill level 5 in Translocations
 34370 | D:15     | Found a staircase to the Depths.
 34451 | D:15     | Identified a scroll of acquirement
 35041 | Lair:2   | Found the +3 warlock's mirror {reflect}
 35276 | D:15     | Reached skill level 5 in Slings
 35992 | Swamp:1  | Entered Level 1 of the Swamp
 36459 | Swamp:1  | Got a scorched hat
 36465 | Swamp:1  | Identified the +2 hat of Qugeyb {rElec rPois} (You acquired
                  | it on level 1 of the Swamp)
 37666 | Swamp:2  | Noticed a thorn hunter
 37686 | Lair:3   | Learned a level 2 spell: Blink
 37691 | Lair:3   | Learned a level 4 spell: Passage of Golubria
 37898 | Lair:3   | Reached skill level 18 in Stealth
 38217 | Snake:1  | Entered Level 1 of the Snake Pit
 38496 | Snake:1  | Found Kitysefu's Assorted Antiques.
 38648 | Snake:1  | Reached XP level 16. HP: 79/79 MP: 18/35
 40335 | Snake:2  | Reached skill level 19 in Stealth
 43524 | Snake:4  | Entered Level 4 of the Snake Pit
 43582 | Snake:4  | Found Awystrexa's Gadget Shop.
 43582 | Snake:4  | Found Hisaim's Jewellery Emporium.
 43583 | Snake:4  | Found Pauzassu's Gadget Shop.
 44402 | Snake:4  | Reached XP level 17. HP: 73/83 MP: 23/36
 44553 | Snake:4  | Reached skill level 20 in Stealth
 45520 | Snake:4  | Reached skill level 15 in Spellcasting
 47324 | Snake:4  | Reached skill level 10 in Slings
 48108 | Snake:4  | Reached skill level 21 in Stealth
 48606 | Snake:4  | Got a serpentine rune of Zot
 48982 | Swamp:1  | Slain by a shambling mangrove

Levels and vault maps discovered:
D:1:      scummos_arrival_hexagon, layout_loops_cross, minmay_worlds_worst_comb
D:2:      layout_loops_ring, vehumet_crystals, cheibriados_altar_1,
          kennysheep_cluttered_room, grunt_ministairs_2
D:3:      layout_basic, okawaru_metal_pillars_3, uniq_natasha
D:4:      layout_gridville, overflow_temple_1_default,
          lemuel_coloured_pillars_altar, minmay_temple_entry_ruins,
          lightli_sewer_entry_pipes, first_ration, minmay_crossroads
D:5:      layout_basic, dancing_weapons_uskayaw, nicolae_overflow_crystal_walls,
          kennysheep_mini, minmay_misc_feat_tower, uniq_eustachio
D:6:      layout_basic, marbit_many_paths
D:7:      layout_cave_pods, uniq_joseph
D:8:      layout_basic, uniq_pikel, uniq_harold
D:9:      layout_irregular_city, uniq_erica
D:10:     layout_small_grid, grunt_lair_entry_orc_guard_hut, erik_orc_3
D:11:     layout_irregular_city, the_bakery, minmay_misc_feat_four_crosses
D:12:     layout_loops_ring, uniq_nessos
D:13:     layout_cave_pods, david_vaults_5, serial_shops, shop,
          einodemon_crawler_minivault
D:14:     layout_irregular_city, drop_trap, grunt_decor_arrowhead, uniq_kirke
D:15:     hangedman_depths_entry_civil_slaughter, layout_gridville,
          maelrawn_ghost_gauntlet_escape, nrook_campfire, minmay_statue_bubble
Temple:   nicolae_temple_figure_eight
Lair:1:   layout_roguey, lemuel_fruit_tree
Lair:2:   layout_small_grid, portal_ice_cave_entry_ice_beasts,
          nicolae_quartered_pool_super
Lair:3:   layout_gridlike, swamp_mist, minmay_holes, st_stairs_11
Lair:4:   layout_long_grid, guppyfry_snake_entry_garden, minmay_lindwurm_lava
Lair:5:   layout_long_grid, dpeg_slime_entry_enclosed_altar,
          kilobyte_rumbling_trees, uniq_urug, uniq_sonja, uniq_snorg
Lair:6:   due_jungle_book, layout_big_grid, serial_bayou_shore_a,
          grunt_megastairs_3
Swamp:1:  layout_basic_swamp, hangedman_swamp_blocks
Swamp:2:  layout_basic_swamp, evilmike_swamp_ruin_wall, swamp_pool1
Snake:1:  layout_grid_maze, serial_shops, nicolae_shop_statue_plus,
          nrook_guardian_serpent_double, serial_bayou_shore_b
Snake:2:  layout_honeycomb
Snake:3:  layout_onion_interference
Snake:4:  grunt_snake_rune_serpentine_throne, layout_rooms, minmay_shop_grove

Skill      XL: |  1  2  3  4  5  6  7  8  9 10 11 12 13 14 15 16 17 |
---------------+----------------------------------------------------+-----
Stealth        | 5 6 7 8 9 11 12 14 15 16 18 19 21 | 21.1
Short Blades   | 2 3 5 7 8 9 10 | 10.5
Spellcasting   | 3 4 5 6 7 8 9 11 12 13 14 15 | 15.3
Ice Magic      | 1 2 3 4 5 6 |  6.5
Hexes          | 4 5 6 7 8 9 10 11 12 13 14 | 14.6
Dodging        | 4 5 7 8 10 12 13 14 | 14.6
Fighting       | 1 2 3 4 6 7 |  7.3
Shields        | 1 2 3 4 6 7 |  7.9
Invocations    | 3 5 6 |  6.1
Charms         | 1 |  1.5
Slings         | 3 6 8 10 | 10.3
Translocations | 3 5 |  5.6
Throwing       | |  0.6
Conjurations   | |  0.1
Evocations     | |  0.8

Action                   |  1- 3 |  4- 6 |  7- 9 | 10-12 | 13-15 | 16-18 || total
-------------------------+-------+-------+-------+-------+-------+-------++-------
Melee: Dagger            |   100 |   199 |   408 |   311 |  1216 |   720 ||  2954
       Rapier            |       |       |    10 |       |     7 |       ||    17
       Short sword       |       |       |     9 |       |       |       ||     9
       Unarmed           |       |       |       |       |       |     5 ||     5
 Fire: Hunting sling     |       |       |       |       |    55 |    79 ||   134
Throw: Stone             |       |       |       |       |     2 |       ||     2
       Dart              |       |       |       |       |    16 |     2 ||    18
 Cast: Corona            |    10 |    13 |    39 |     1 |     1 |       ||    64
       Ensorcelled Hiber |    23 |    38 |    69 |   179 |   222 |    94 ||   625
       Confuse           |       |     2 |     6 |    32 |   187 |    60 ||   287
       Tukima's Dance    |       |       |     1 |       |     1 |       ||     2
       Spectral Weapon   |       |       |       |     2 |     7 |       ||     9
       Confusing Touch   |       |       |       |       |    28 |    96 ||   124
       Cause Fear        |       |       |       |       |     8 |       ||     8
       Dazzling Spray    |       |       |       |       |     3 |     5 ||     8
       Apportation       |       |       |       |       |    11 |       ||    11
       Blink             |       |       |       |       |     2 |     2 ||     4
       Portal Projectile |       |       |       |       |     2 |       ||     2
       Passage of Golubr |       |       |       |       |     2 |       ||     2
Invok: Shadow Step       |       |       |     1 |     6 |     5 |     2 ||    14
       Shadow Form       |       |       |       |       |     3 |       ||     3
 Abil: Evoke Flight      |       |       |       |       |     3 |       ||     3
Evoke: Wand              |       |       |       |     1 |     5 |       ||     6
  Use: Scroll            |       |     2 |     1 |    20 |    11 |     4 ||    38
       Potion            |       |       |       |     1 |     9 |     1 ||    11
 Stab: Sleeping          |    21 |    43 |    75 |   165 |   185 |    91 ||   580
       Confused          |       |     2 |     3 |    14 |   146 |   140 ||   305
       Distracted        |       |       |     6 |     8 |    16 |    14 ||    44
       Invisible         |       |       |       |     1 |    18 |       ||    19
       Fleeing           |       |       |       |       |     4 |       ||     4
  Eat: Ration            |       |     2 |     4 |     3 |    10 |     6 ||    25
Armor: Robe              |    12 |    22 |    10 |     5 |    16 |     9 ||    74
       Skin              |       |       |       |       |    28 |       ||    28
Dodge: Dodged            |    76 |   190 |   309 |   185 |   427 |   299 ||  1486
Block: Buckler           |       |       |       |    81 |   392 |   374 ||   847
       Reflection        |       |       |       |       |    36 |    61 ||    97
